Map: Curious Minds LE

Players

AgoElazer (Elazer) - Winner!

  • Race: Zerg Zerg

Zoun

  • Race: Protoss Protoss

Event: DreamHack SC2 Masters Last Chance 2022

VOD

Have the link to the VOD?

Description

Time

  • Played on: Dec. 19, 2021, 7:43 p.m.
  • Length: 15:38

All games in this series

Show
View Real Time Build Order
Export as new Build Order

AgoElazer Zerg - Winner!

Build Orders: Hatch First 

Get SALT Encoding   

  12  0:00  Drone  
  13  0:12  Overlord  
  13  0:17  Drone  
  14  0:30  Drone x2  
  16  0:51  Drone, Hatchery  
  16  0:54  Drone  
  17  0:57  Drone  
  18  1:09  Extractor  
  17  1:13  Spawning Pool  
  17  1:17  Drone  
  17  1:20  Drone  
  18  1:28  Drone  
  19  1:38  Drone  
  20  1:49  Overlord  
  20  2:00  Queen  
  22  2:02  Queen  
  22  2:03  Drone, Zergling x2  
  26  2:12  Metabolic Boost  
  26  2:14  Drone  
  28  2:15  Zergling x2  
  28  2:22  Drone  
  29  2:26  Drone  
  30  2:32  Drone  
  30  2:35  Drone  
  32  2:38  Queen  
  34  2:46  Overlord  
  34  2:49  Zergling x2  
  35  2:52  Hatchery  
  35  2:57  Drone  
  35  2:59  Overlord  
  35  3:07  Drone, Queen  
  35  3:09  Drone  
  35  3:11  Drone  
  40  3:14  Drone x2  
  40  3:18  Drone x2  
  44  3:21  Drone  
  44  3:22  Drone  
  46  3:27  Queen  
  48  3:35  Drone x3  
  48  3:37  Spore Crawler  
  50  3:41  Drone x2  
  52  3:50  Overlord  
  52  3:51  Roach Warren  
  52  3:52  Drone  
  52  4:05  Zergling x12  
  52  4:09  Zergling x2  
  59  4:16  Overlord  
  59  4:19  Spore Crawler  
  59  4:21  Zergling x16  
  66  4:33  Overlord  
  65  4:43  Roach  
  65  4:44  Roach x4  
  73  4:47  Overlord  
  73  4:50  Zergling x2  
  73  4:51  Overlord  
  73  4:52  Roach x4  
  82  5:00  Overlord  
  82  5:06  Roach  
  82  5:07  Zergling x8, Roach  
  90  5:18  Zergling x2  
  90  5:19  Zergling x14  
  96  5:28  Zergling x12  
  87  5:39  Zergling x4  
  74  5:44  Overlord  
  74  5:46  Drone x4  
  74  5:48  Drone  
  75  5:52  Drone  
  75  5:53  Ravager  
  76  5:58  Drone  
  76  6:00  Drone  
  76  6:01  Drone x5  
  76  6:03  Drone  
  84  6:10  Drone x2  
  84  6:17  Drone x4  
  84  6:18  Drone  
  84  6:23  Spore Crawler  
  84  6:24  Drone x2  
  84  6:34  Overlord  
  84  6:36  Drone x3  
  87  6:45  Lair  
  87  6:47  Extractor  
  87  6:48  Drone x3  
  89  6:55  Queen  
  89  6:57  Queen  
  93  7:02  Drone x5  
  93  7:05  Drone x3  
  93  7:07  Drone  
  102  7:09  Drone x2  
  104  7:15  Overlord  
  104  7:21  Overlord  
  104  7:23  Extractor  
  104  7:24  Drone x5, Extractor  
  104  7:25  Baneling Nest  
  104  7:26  Extractor  
  104  7:27  Extractor  
  104  7:36  Ravager x2  
  105  7:40  Overlord  
  105  7:43  Zergling x2  
  105  7:44  Zergling x12  
  112  7:55  Drone x5  
  113  8:03  Drone x7  
  114  8:05  Drone  
  114  8:06  Drone  
  114  8:07  Drone  
  117  8:15  Drone x2  
  117  8:16  Drone  
  117  8:19  Centrifugal Hooks, Overlord  
  120  8:22  Hatchery  
  120  8:23  Roach x2  
  120  8:26  Roach  
  120  8:27  Roach  
  127  8:28  Zergling x2  
  127  8:31  Overlord  
  127  8:33  Ravager x4  
  131  8:34  Ravager x2  
  131  8:40  Zergling x2  
  131  8:41  Zergling x8  
  138  8:45  Zergling x8  
  142  8:50  Baneling  
  142  8:51  Zergling x4  
  142  8:52  Zergling x2  
  145  8:58  Overlord x3  
  144  9:09  Zergling x14  
  150  9:14  Ravager x2  
  150  9:15  Ravager  
  153  9:19  Ravager x2  
  153  9:21  Zergling x10  
  159  9:28  Zergling x12  
  159  9:30  Zergling x2  
  166  9:38  Baneling x27  
  166  9:39  Baneling  
  166  9:40  Zergling x2  
  167  9:52  Baneling x11  
  167  9:55  Zergling x16  
  159  10:02  Zergling x12  
  152  10:12  Zergling x16  
  152  10:13  Zergling x2  
  124  10:22  Zergling x2  
  124  10:23  Zergling x10  
  121  10:31  Baneling x16  
  121  10:32  Baneling x3  
  121  10:37  Roach x4  
  129  10:43  Roach x3  
  135  10:54  Zergling x20  
  135  10:55  Zergling x2  
  126  11:05  Zergling x2  
  126  11:06  Zergling x6  
  121  11:17  Queen  
  119  11:23  Zergling x2, Roach  
  119  11:24  Zergling x20  
  127  11:30  Queen x3  
  101  11:40  Roach x5  
  106  11:47  Baneling x8  
  106  11:49  Roach x2  
  106  11:53  Ravager  
  111  11:57  Roach x3  
  117  12:07  Roach x5  
  127  12:12  Ravager  
  127  12:13  Ravager x6  
  134  12:25  Queen x3  
  134  12:27  Ravager x7  
  147  12:32  Zergling x10  
  147  12:36  Zergling x8  
  156  12:43  Zergling x10  
  161  12:56  Zergling x2  
  161  12:57  Zergling x14  
  155  13:08  Zergling x8  
  150  13:13  Zergling x4  
  150  13:14  Queen x3  
  151  13:26  Zergling x10  
  151  13:29  Queen  
  151  13:33  Zergling x6  
  132  13:44  Roach x4  
  126  13:50  Queen  
  126  13:54  Roach x2  
  126  13:55  Queen x2, Roach x2  
  138  14:01  Zergling x2  
  138  14:02  Zergling x2  
  142  14:05  Baneling x3, Queen  
  142  14:08  Hatchery  
  143  14:11  Zergling x8  
  143  14:14  Ravager x7  
  143  14:15  Ravager  
  155  14:21  Zergling x6  
  156  14:28  Baneling x3  
  156  14:29  Baneling x15  
  156  14:30  Zergling x6  
  159  14:39  Zergling x20  
  159  14:42  Baneling x12  
  159  14:43  Baneling x2  
  168  14:50  Zergling x16  
  176  14:58  Baneling x15  
  154  15:17  Zergling x2  
  154  15:18  Zergling x16  
Show
View Real Time Build Order
Export as new Build Order

Zoun Protoss 

Build Orders: 1 Gate Expand, Mass Adepts 

Get SALT Encoding   

  12  0:00  Probe  
  13  0:12  Probe  
  14  0:19  Pylon  
  14  0:24  Probe  
  15  0:37  Probe (Chrono Boost)  
  15  0:40  Gateway  
  16  0:47  Probe (Chrono Boost)  
  17  0:50  Assimilator  
  17  0:52  Probe (Chrono Boost)  
  18  1:04  Probe  
  19  1:16  Probe  
  20  1:26  Nexus  
  20  1:36  Cybernetics Core  
  20  1:38  Probe  
  21  1:44  Assimilator  
  21  1:50  Probe  
  22  1:54  Pylon  
  22  2:03  Probe  
  23  2:09  Adept (Chrono Boost)  
  23  2:15  Probe  
  26  2:19  Twilight Council  
  26  2:21  Warp Gate  
  26  2:28  Probe (Chrono Boost)  
  27  2:32  Stalker  
  29  2:40  Probe x2 (Chrono Boost)  
  31  2:48  Probe x2 (Chrono Boost)  
  33  2:53  Robotics Facility  
  33  2:55  Probe  
  33  2:57  Probe  
  35  3:06  Gateway  
  35  3:07  Probe  
  35  3:09  Resonating Glaives (Chrono Boost)  
  36  3:16  Adept  
  36  3:17  Probe  
  39  3:24  Probe  
  40  3:29  Probe  
  40  3:34  Gateway  
  41  3:36  Gateway  
  41  3:40  Warp Prism (Chrono Boost)  
  41  3:46  Pylon  
  43  3:51  Probe  
  43  3:53  Pylon  
  43  3:54  Probe  
  45  4:07  Gateway x2  
  45  4:09  Observer  
  46  4:10  Adept  
  46  4:12  Adept  
  46  4:16  Pylon  
  50  4:21  Shield Battery  
  50  4:22  Probe  
  51  4:31  Adept x3  
  51  4:34  Adept  
  51  4:42  Adept x4  
  59  4:48  Pylon  
  59  5:02  Pylon  
  59  5:03  Adept x4  
  59  5:04  Adept  
  69  5:08  Adept  
  69  5:24  Adept x5  
  69  5:39  Observer  
  57  5:43  Probe  
  57  5:45  Probe  
  51  5:50  Adept x6  
  51  5:52  Assimilator  
  51  5:54  Assimilator  
  51  5:55  Probe  
  60  5:57  Probe  
  61  6:07  Probe  
  61  6:10  Probe  
  57  6:19  Adept x2  
  57  6:20  Adept  
  58  6:26  Robotics Bay  
  58  6:29  Probe  
  58  6:30  Adept  
  58  6:32  Probe  
  62  6:33  Adept x2  
  66  6:40  Pylon  
  66  6:41  Probe  
  66  6:42  Observer  
  66  6:44  Adept x2  
  72  6:49  Pylon  
  72  6:51  Probe  
  72  6:52  Pylon  
  72  6:53  Probe  
  74  7:03  Probe  
  74  7:05  Forge  
  75  7:12  Disruptor (Chrono Boost)  
  78  7:15  Nexus  
  78  7:17  Adept  
  78  7:18  Adept x2, Pylon  
  84  7:27  Adept x3  
  90  7:33  Probe x2  
  92  7:37  Disruptor (Chrono Boost)  
  95  7:44  Shield Battery  
  95  7:45  Probe  
  97  7:51  Probe  
  97  8:03  Warp Prism (Chrono Boost)  
  89  8:06  Observer  
  89  8:08  Adept x6  
  101  8:13  Probe  
  101  8:14  Probe  
  101  8:16  Protoss Ground Weapons Level 1  
  101  8:17  Blink  
  103  8:25  Shield Battery  
  103  8:27  Photon Cannon  
  103  8:32  Photon Cannon  
  103  8:33  Sentry  
  105  8:41  Probe x3  
  105  8:45  Assimilator, Pylon  
  108  8:49  Assimilator  
  108  8:54  Photon Cannon  
  108  8:58  Probe  
  109  9:06  Stalker x3, Sentry x2  
  109  9:07  Probe x2  
  109  9:09  Colossus (Chrono Boost)  
  127  9:26  Photon Cannon  
  127  9:30  Gateway x2  
  127  9:34  Extended Thermal Lance  
  127  9:36  Stalker, Sentry  
  131  9:40  Stalker x2  
  135  9:49  Stalker x2  
  135  9:52  Pylon  
  139  10:06  Stalker  
  141  10:12  Stalker x2  
  141  10:13  Stalker x3  
  105  10:16  Stalker x5  
  87  10:26  Pylon  
  87  10:28  Colossus (Chrono Boost), Pylon  
  82  10:30  Stalker  
  90  10:39  Sentry x2  
  90  10:41  Pylon  
  94  10:48  Adept x2  
  96  10:57  Stalker x2  
  80  11:04  Stalker x2  
  80  11:10  Probe x3  
  78  11:17  Stalker  
  80  11:22  Probe  
  80  11:23  Stalker  
  83  11:26  Observer  
  83  11:30  Observer  
  79  11:43  Nexus  
  79  11:55  Probe x2  
  79  11:56  Sentry x4  
  89  12:02  Stalker x2  
  89  12:08  Probe x2  
  95  12:19  Sentry x2  
  95  12:20  Stalker  
  101  12:25  Probe x2  
  103  12:35  Adept x2  
  107  12:41  Sentry  
  107  12:42  Sentry  
  111  12:45  Sentry  
  113  12:52  Adept x2  
  101  13:17  Stalker x5  
  90  13:37  Stalker x3  
  92  13:43  Stalker x4  
  94  13:59  Shield Battery  
  94  14:00  Stalker x4  
  102  14:07  Stalker  
  102  14:09  Disruptor (Chrono Boost)  
  107  14:24  Stalker x2, Sentry  
  113  14:37  Disruptor (Chrono Boost)  
  113  14:38  Observer  
  111  14:45  Nexus  
  114  14:48  Pylon  
  114  14:51  Pylon  
  114  14:53  Stalker  
  116  15:00  Sentry x3  
  122  15:10  Stalker x2  
  86  15:21  Stalker  

Tags
 
Add a new tag
Caveats
  • Supply blocks, unpowered buildings, or Contaminate may cause inaccurate times.
  • Supply counts are checked every 10 seconds.